Map: Divergence LE

Players

Hemitrahm

  • Race: Terran Terran
  • League: Platinum
  • Spawn Location: 5:00

Skiccpausz

  • Race: Zerg Zerg
  • League: Silver
  • Spawn Location: 5:00

Nigrnog - Winner!

  • Race: Zerg Zerg
  • League: Silver
  • Spawn Location: 11:00

MooEsqoo - Winner!

  • Race: Zerg Zerg
  • Spawn Location: 11:00

VOD

Have the link to the VOD?

Description

Time

  • Played on: Dec. 30, 2019, 6:18 a.m.
  • Length: 13:30
Show
View Real Time Build Order
Export as new Build Order

Hemitrahm Terran 

Build Orders: 2 Factory, Mech 

Get SALT Encoding   

  12  0:05  SCV  
  13  0:17  SCV  
  14  0:22  Supply Depot  
  14  0:30  SCV  
  15  0:44  SCV  
  15  0:45  Barracks  
  16  0:54  Refinery  
  16  0:56  SCV  
  17  1:08  SCV  
  18  1:21  SCV  
  19  1:33  Supply Depot  
  19  1:36  Orbital Command  
  19  1:38  Refinery  
  19  1:39  Reaper  
  20  2:03  SCV  
  21  2:19  Barracks  
  21  2:21  Barracks  
  21  2:24  Marine  
  22  2:44  SCV  
  22  3:08  SCV  
  23  3:15  Factory  
  23  3:18  Factory, Marine x2  
  23  3:19  Marine  
  26  3:28  SCV  
  27  3:38  Marine x2  
  27  3:39  Marine  
  27  3:40  Command Center  
  30  3:42  Supply Depot  
  30  3:43  SCV  
  31  4:04  Factory Reactor, SCV, Factory Tech Lab, Armory  
  31  4:08  Marine x3  
  35  4:27  Supply Depot  
  35  4:30  Infernal Pre-Igniter  
  35  4:35  Starport  
  35  4:51  Barracks Tech Lab x2  
  35  4:59  Barracks Tech Lab  
  35  5:02  SCV x2  
  37  5:08  Hellion x3  
  37  5:12  Starport Reactor  
  43  5:14  SCV x2  
  45  5:26  SCV x2  
  47  5:32  Hellion x3  
  53  5:40  Marine x3  
  56  5:56  Hellion x3  
  62  6:13  Medivac  
  62  6:26  Medivac  
  62  6:39  Hellion  
  62  6:44  Supply Depot  
  62  6:45  Supply Depot  
  62  6:46  Supply Depot, Terran Vehicle Weapons Level 1  
  62  6:47  Supply Depot  
  62  6:51  Refinery  
  62  6:53  Refinery  
  62  7:06  Hellion x2, SCV x2  
  68  7:08  Ghost Academy  
  68  7:12  Command Center  
  68  7:18  SCV x2  
  70  7:30  SCV x2  
  60  7:57  Ghost x3  
  64  8:00  Enhanced Shockwaves  
  64  8:03  Hellion  
  64  8:04  Hellion x2  
  70  8:10  Factory  
  70  8:12  Factory  
  70  8:22  SCV  
  70  8:24  SCV  
  73  8:28  Orbital Command  
  72  8:34  Ghost x2  
  72  8:35  SCV, Ghost  
  79  8:57  Factory Tech Lab x2  
  79  9:01  Hellbat x3  
  85  9:03  Ghost x3  
  85  9:07  Terran Vehicle And Ship Armor Level 1  
  91  9:14  Engineering Bay  
  91  9:17  SCV x3  
  93  9:20  Thor  
  100  9:31  Refinery  
  100  9:34  Refinery  
  100  9:35  Ghost x2  
  100  9:37  Marine  
  105  9:50  Terran Infantry Weapons Level 1  
  105  9:55  Marine  
  106  10:00  SCV  
  106  10:01  SCV x2  
  109  10:20  Supply Depot  
  109  10:21  Supply Depot  
  109  10:22  Supply Depot  
  109  10:27  Supply Depot  
  109  10:41  Marine x3, Medivac x2  
  116  10:42  Supply Depot  
  116  10:46  Siege Tank x3  
  124  10:59  Marine x3  
  127  12:00  Combat Shield  
  113  12:02  Concussive Shells  
  113  12:06  Medivac x2  
  112  12:11  Thor x3  
  112  12:13  Hellbat x2  
  84  12:24  Liberator x2  
  74  12:44  Marine x2  
  74  12:45  Marine  
Show
View Real Time Build Order
Export as new Build Order

Skiccpausz Zerg 

Build Orders: Pool First 

Get SALT Encoding   

  12  0:01  Drone  
  13  0:09  Drone  
  14  0:16  Overlord  
  14  0:28  Overlord  
  14  0:32  Overlord  
  14  0:37  Drone  
  15  0:46  Drone  
  16  0:57  Spawning Pool  
  15  1:10  Drone x2  
  17  1:31  Extractor  
  16  1:45  Zergling x6  
  16  1:46  Queen  
  21  2:09  Drone x2  
  23  2:20  Roach Warren  
  22  2:22  Extractor  
  22  2:23  Drone  
  22  2:25  Queen  
  24  2:38  Zergling x2  
  25  2:45  Drone  
  25  2:51  Drone  
  27  2:58  Zergling x6  
  30  3:08  Drone  
  30  3:10  Lair  
  31  3:38  Roach x3  
  31  3:39  Overlord x2  
  38  3:55  Drone  
  38  3:58  Hatchery  
  37  4:03  Evolution Chamber  
  36  4:13  Zergling x4  
  36  4:14  Metabolic Boost  
  38  4:23  Drone  
  39  4:34  Drone  
  39  4:36  Drone x2  
  39  4:37  Drone  
  43  4:58  Infestation Pit  
  42  5:02  Hydralisk Den  
  41  5:08  Zergling x6  
  41  5:14  Ravager  
  45  5:26  Baneling Nest  
  45  5:27  Drone  
  45  5:28  Drone  
  45  5:32  Queen  
  45  5:34  Drone x3  
  51  5:52  Hatchery  
  49  6:29  Hydralisk x2  
  49  6:30  Hydralisk  
  50  6:41  Ravager  
  40  6:49  Drone x2  
  40  6:50  Drone  
  40  6:53  Hive  
  43  7:01  Spire  
  42  7:03  Drone  
  42  7:07  Extractor  
  42  7:12  Extractor  
  42  7:15  Drone x3  
  44  7:28  Queen  
  44  7:29  Drone x3  
  49  7:31  Hydralisk  
  49  7:35  Drone x3  
  49  7:36  Drone  
  55  7:42  Drone  
  56  7:54  Drone x3  
  56  7:55  Drone x2  
  56  7:56  Overlord x2  
  56  7:57  Hydralisk  
  63  8:03  Drone x2  
  65  8:09  Overlord  
  65  8:11  Centrifical Hooks  
  65  8:14  Greater Spire  
  65  8:21  Drone  
  66  8:46  Drone x2  
  66  8:47  Drone x4  
  72  8:49  Zergling x6  
  72  8:50  Zergling x6, Drone  
  79  8:57  Overseer  
  79  9:03  Drone  
  80  9:23  Spore Crawler  
  79  9:25  Drone x2  
  79  9:30  Drone x4  
  85  9:36  Corruptor x2  
  85  9:37  Overlord  
  85  9:38  Overlord x3  
  89  10:05  Extractor  
  88  10:07  Extractor  
  88  10:10  Drone x3  
  88  10:11  Drone  
  91  10:18  Hatchery  
  91  10:19  Spore Crawler  
  89  10:21  Spore Crawler  
  89  10:22  Spore Crawler  
  89  10:26  Corruptor x4  
  94  10:42  Spore Crawler x2  
  93  10:47  Hydralisk  
  93  10:48  Hydralisk  
  96  10:50  Corruptor x3  
  96  10:53  Baneling x3  
  96  10:54  Baneling x7  
  96  10:55  Baneling x5  
  96  10:56  Baneling x4  
  102  11:03  Drone x4  
  102  11:04  Drone x2  
  108  11:06  Roach x3  
  114  11:12  Hydralisk x2  
  114  11:14  Overlord x3  
  114  11:15  Overlord  
  112  11:44  Hydralisk x3  
  118  11:47  Roach x3  
  118  11:52  Brood Lord x4  
  112  12:08  Roach  
  112  12:09  Zergling x2  
  112  12:10  Zergling x4  
  112  12:12  Zergling x10, Roach  
  100  12:41  Roach x2  
  100  12:42  Roach  
  90  12:51  Zergling x6  
  94  12:52  Zergling x12  
  94  12:53  Zergling x10  
  68  13:13  Zergling x4  
Show
View Real Time Build Order
Export as new Build Order

Nigrnog Zerg - Winner!

Build Orders: Hatch First 

Get SALT Encoding   

  12  0:01  Drone  
  13  0:13  Overlord  
  13  0:18  Drone  
  14  0:32  Drone x2  
  16  0:36  Drone  
  17  1:08  Hatchery  
  16  1:11  Spawning Pool  
  16  1:14  Extractor, Drone  
  16  1:15  Drone  
  16  1:21  Drone  
  17  1:29  Drone  
  18  1:38  Drone  
  19  1:53  Drone  
  20  2:03  Queen  
  22  2:14  Overlord  
  22  2:21  Zergling x4  
  24  2:24  Zergling x2  
  24  2:26  Metabolic Boost  
  24  2:48  Extractor  
  23  3:04  Drone x5  
  23  3:05  Drone  
  29  3:16  Overlord x3  
  29  3:19  Drone  
  30  3:20  Queen  
  32  3:28  Drone  
  33  3:34  Hatchery  
  32  3:42  Drone x2  
  34  3:59  Drone x3  
  37  4:03  Extractor  
  37  4:06  Extractor, Lair  
  35  4:19  Zergling x10, Baneling Nest  
  39  4:37  Drone x4  
  43  4:47  Hatchery  
  43  4:49  Overlord x2  
  42  5:07  Drone x3  
  42  5:08  Drone x4  
  49  5:23  Drone x3  
  52  5:28  Drone x2  
  52  5:34  Drone x2  
  56  5:45  Queen, Drone  
  56  5:49  Drone x2  
  61  5:50  Drone  
  61  5:52  Overlord  
  61  5:55  Overlord  
  62  6:00  Drone  
  62  6:09  Baneling x3  
  62  6:10  Baneling x8  
  62  6:11  Baneling x3  
  61  6:13  Zergling x2  
  60  6:21  Zergling x4  
  60  6:22  Zergling x2  
  60  6:23  Zergling x2  
  60  6:24  Zergling x2  
  65  6:25  Zergling x2  
  65  6:26  Zergling x2  
  53  6:55  Queen  
  55  7:04  Extractor  
  55  7:05  Queen  
  55  7:06  Extractor  
  55  7:07  Drone x6  
  55  7:08  Hatchery  
  60  7:15  Spire  
  60  7:16  Hydralisk Den  
  60  7:18  Infestation Pit  
  60  7:19  Drone x4  
  60  7:20  Drone x2  
  63  7:23  Drone  
  64  7:48  Drone x6  
  64  7:49  Drone x4  
  64  7:51  Spore Crawler  
  73  8:03  Spore Crawler  
  73  8:04  Drone x7  
  73  8:05  Drone  
  80  8:09  Extractor  
  80  8:11  Extractor  
  78  8:15  Queen  
  78  8:19  Queen  
  82  8:24  Overlord x7  
  82  8:25  Overlord  
  82  8:43  Hydralisk  
  82  8:44  Hydralisk x7  
  82  8:45  Hydralisk x2  
  102  8:55  Evolution Chamber  
  101  8:58  Evolution Chamber  
  101  9:00  Drone x10  
  110  9:23  Queen  
  112  9:24  Drone x3  
  115  9:38  Hydralisk x7  
  115  9:39  Hydralisk x3  
  115  9:40  Overlord x3  
  115  9:41  Overlord  
  115  9:43  Overlord  
  115  9:45  Overlord  
  135  9:55  Drone x2  
  135  9:59  Hive  
  137  10:00  Zerg Missile Weapons Level 1  
  137  10:02  Zerg Ground Armor Level 1  
  137  10:16  Grooved Spines  
  137  10:22  Extractor  
  137  10:24  Hydralisk x7, Drone  
  137  10:25  Hydralisk x4  
  159  10:33  Baneling x6  
  159  10:34  Baneling x8  
  159  10:36  Centrifical Hooks  
  159  10:41  Hydralisk x2  
  159  10:42  Hydralisk x2  
  167  11:02  Hydralisk x3  
  167  11:03  Hydralisk x6  
  185  11:04  Hydralisk  
  185  11:09  Drone x3  
  190  11:23  Hydralisk x3  
  190  11:24  Hydralisk  
  198  11:27  Muscular Augments  
  164  12:04  Hydralisk x7  
  164  12:05  Hydralisk x8  
  164  12:06  Hydralisk x2  
  186  12:33  Hydralisk x3  
  186  12:34  Hydralisk x6  
  184  13:02  Hydralisk x2  
  184  13:03  Hydralisk x5  
Show
View Real Time Build Order
Export as new Build Order

MooEsqoo Zerg - Winner!

Build Orders: Hatch First 

Get SALT Encoding   

  12  0:03  Drone  
  13  0:13  Overlord  
  13  0:17  Drone  
  14  0:31  Drone x2  
  16  0:43  Drone  
  17  0:53  Hatchery  
  16  0:59  Drone x2  
  16  1:02  Extractor  
  17  1:09  Drone  
  18  1:20  Drone  
  18  1:23  Spawning Pool  
  18  1:36  Drone  
  19  1:42  Drone  
  20  1:50  Overlord  
  20  2:10  Queen x2  
  20  2:11  Zergling x4  
  26  2:19  Zergling x4  
  28  2:25  Spine Crawler  
  28  2:27  Zergling x2  
  28  2:33  Metabolic Boost  
  28  2:47  Drone x2  
  28  2:48  Drone x2  
  32  3:12  Drone x4  
  36  3:13  Overlord  
  36  3:30  Overlord x3  
  36  3:35  Drone  
  37  3:46  Drone x2  
  37  3:47  Drone x2  
  41  3:49  Drone  
  41  3:50  Drone  
  43  4:14  Zergling x6  
  43  4:15  Zergling x2  
  47  4:21  Hatchery  
  47  4:22  Roach Warren  
  45  4:24  Evolution Chamber  
  45  4:25  Evolution Chamber, Extractor  
  45  4:28  Extractor x2  
  40  4:58  Zerg Missile Weapons Level 1  
  40  4:59  Zerg Ground Armor Level 1  
  40  5:03  Lair  
  40  5:05  Queen  
  42  5:09  Roach x4  
  42  5:10  Roach x4  
  42  5:12  Drone x3  
  61  5:32  Roach x3  
  67  5:52  Spore Crawler  
  66  5:58  Spore Crawler, Drone  
  66  5:59  Drone x5  
  66  6:00  Drone  
  72  6:19  Zergling x4  
  72  6:21  Overlord x2  
  69  6:46  Roach  
  69  6:47  Roach x6  
  77  6:48  Roach  
  85  7:06  Drone  
  85  7:07  Drone  
  87  7:08  Drone  
  87  7:11  Hatchery  
  87  7:15  Queen  
  89  7:25  Overlord x2  
  80  7:57  Drone x5  
  80  7:58  Drone x8  
  93  8:20  Drone x2  
  93  8:21  Drone x3  
  93  8:23  Extractor x2, Queen  
  98  8:50  Zerg Missile Weapons Level 2, Hydralisk Den  
  98  8:51  Zerg Ground Armor Level 2  
  98  8:53  Infestation Pit  
  96  8:56  Roach x4  
  96  8:57  Roach  
  96  8:58  Roach  
  108  9:15  Overseer  
  108  9:22  Ravager x3  
  108  9:23  Ravager  
  112  9:25  Overlord x4  
  112  9:26  Overlord x3  
  112  9:40  Overlord x3  
  112  9:56  Hydralisk x6  
  124  10:03  Ravager x3  
  124  10:04  Ravager x4  
  124  10:05  Ravager  
  132  10:15  Hydralisk x4  
  132  10:19  Muscular Augments  
  140  10:36  Hydralisk x4  
  148  10:56  Hydralisk x4  
  148  10:57  Hydralisk x2  
  160  11:07  Drone  
  160  11:08  Drone x6  
  165  11:31  Grooved Spines  
  165  11:32  Hydralisk x4  
  165  11:33  Hydralisk x4  
  176  11:42  Hydralisk  
  176  11:43  Hydralisk x2  
  147  12:13  Hydralisk x3  
  147  12:14  Hydralisk x8  
Tags
 
Add a new tag
Caveats
  • Supply blocks, unpowered buildings, or Contaminate may cause inaccurate times.
  • Supply counts are checked every 10 seconds.